 Dungeon Crawl Stone Soup version 0.27.1-1-g398f81649c (webtiles) character file.

Game seed: 6947544580986850548

142 greenlake the Shield-Bearer (level 5, -3/47 HPs)
             Began as a Gnoll Fighter on Sept 14, 2021.
             Slain by Grinder (6 damage)
             ... on level 3 of the Dungeon.
             The game lasted 00:04:53 (2699 turns).

greenlake the Shield-Bearer (Gnoll Fighter)         Turns: 2699, Time: 00:04:53

Health: -3/47      AC:  9    Str: 16    XL:     5   Next: 24%
Magic:  7/7        EV:  8    Int:  8    God:
Gold:   60         SH: 10    Dex: 11    Spells: 6/6 levels left

rFire    . . .     SeeInvis .   a - +0 trident
rCold    . . .     Faith    .   c - +0 kite shield
rNeg     . . .     Spirit   .   b - +0 scale mail
rPois    .         Reflect  .   (no helmet)
rElec    .         Harm     .   (no cloak)
rCorr    .         Rampage  .   e - +0 pair of gloves
Will     .....                  (no boots)
Stlth    ..........             r - amulet of regeneration
HPRegen  1.15/turn              (no ring)
MPRegen  0.10/turn              (no ring)

@: no status effects
A: fangs 1, strong nose, distributed training
a: no special abilities


You were on level 3 of the Dungeon.
You visited 1 branch of the dungeon, and saw 3 of its levels.

You collected 60 gold pieces.

Inventory:

Hand Weapons
 a - a +0 trident (weapon)
Missiles
 h - 14 poisoned darts (quivered)
 p - 4 curare-tipped darts
 u - 5 javelins
Armour
 b - a +0 scale mail (worn)
 c - a +0 kite shield (worn)
 e - a +0 pair of gloves (worn)
Jewellery
 r - an amulet of regeneration (around neck)
Scrolls
 f - a scroll of silence {unknown}
 k - 3 scrolls of holy word {unknown}
 l - a scroll of brand weapon {unknown}
 m - 2 scrolls of enchant weapon {unknown}
 o - a scroll of fog {unknown}
 s - a scroll of summoning {unknown}
 t - a scroll of magic mapping {unknown}
Potions
 d - a potion of might
 g - a potion of mutation {unknown}
 i - a potion of heal wounds {unknown}
 j - 2 potions of curing {unknown}
 n - a potion of ambrosia {unknown}
 q - 2 potions of degeneration {unknown}


   Skills:
 + Level 6.7 Fighting
 + Level 1.4 Short Blades
 + Level 1.4 Long Blades
 + Level 1.4 Axes
 + Level 1.4 Maces & Flails
 + Level 4.7 Polearms
 + Level 1.4 Staves
 + Level 1.4 Slings
 + Level 1.4 Bows
 + Level 1.4 Crossbows
 + Level 1.4 Throwing
 + Level 6.7 Armour
 + Level 1.4 Dodging
 + Level 1.4 Stealth
 + Level 6.7 Shields
 + Level 1.4 Unarmed Combat
 + Level 1.4 Spellcasting
 + Level 1.1 Conjurations
 + Level 1.1 Hexes
 + Level 1.1 Summonings
 + Level 1.1 Necromancy
 + Level 1.1 Translocations
 + Level 1.1 Transmutations
 + Level 1.1 Fire Magic
 + Level 1.1 Ice Magic
 + Level 1.1 Air Magic
 + Level 1.1 Earth Magic
 + Level 1.1 Poison Magic
 + Level 1.6 Invocations
 + Level 1.4 Evocations


You had 6 spell levels left.
You didn't know any spells.
Your spell library contained the following spells:

 Spells                   Type           Power      Damage    Failure   Level
 Conjure Flame            Conj/Fire      2%         6-21      100%        3
 Ignite Poison            Fire/Tmut/Pois 2%         N/A       100%        3
 Sticky Flame             Conj/Fire      2%         2d3       100%        4


Dungeon Overview and Level Annotations

Branches:
Dungeon (3/15)

Altars:

Annotations:
D:3 Grinder


Innate Abilities, Weirdness & Mutations

You have very sharp teeth.
Your uncanny sense of smell can sniff out nearby items.
Your experience applies equally to all skills.


Message History

You are too injured to fight recklessly!
You are too injured to fight recklessly!
You are too injured to fight recklessly!
You are too injured to fight recklessly!
Grinder hits you.
You closely miss Grinder.
Grinder is severely wounded.
You block Grinder's attack. x2
You hit Grinder.
Grinder is severely wounded.
Grinder closely misses you.
You hit Grinder. Your bite misses Grinder.
Grinder is severely wounded.
Grinder hits you!
* * * LOW HITPOINT WARNING * * *
You writhe in agony.
* * * LOW HITPOINT WARNING * * *
You hit Grinder.
Grinder is severely wounded.
Grinder gestures at you. Pain shoots through your body!
* * * LOW HITPOINT WARNING * * *
Grinder gestures at you. Pain shoots through your body!
* * * LOW HITPOINT WARNING * * *
Grinder blinks!
You start resting.
Grinder is nearby!
Grinder blinks!
You block Grinder's attack.
You hit Grinder but do no damage.
Grinder is severely wounded.
Grinder gestures at you. You resist with significant effort.
You closely miss Grinder.
Grinder is severely wounded.
Grinder hits you!
* * * LOW HITPOINT WARNING * * *
You writhe in agony.
You die...

#........#
#.#......#########
#.##.#...........#
# #.#.#########.#
.##.#.# #.# ......#
#.# ##...## #.#
##.....## ###5#
#.<.....## ##.#@#
.........####....#
...).....'.......##
.........##.#.....#
#.......###.#######
##.....###†##
##...## #.# ##'##
#≈# #.#####≈#


You could see Grinder.

Vanquished Creatures
  A jelly (D:2)
  5 adders
  A worm (D:2)
  A dart slug (D:3)
  5 orcs (D:3)
  8 ball pythons
  6 endoplasms
  2 giant cockroaches
  6 goblins
  3 hobgoblins
  3 jackals (D:1)
  A quokka (D:3)
  3 bats
  2 frilled lizards
  2 kobolds (D:1)
  7 rats (D:1)
56 creatures vanquished.

Notes
Turn   | Place    | Note
-------+----------+-------------------------------------------
     0 | D:1      | greenlake the Gnoll Fighter began the quest for the Orb.
     0 | D:1      | Reached XP level 1. HP: 23/23 MP: 1/1
   148 | D:1      | Reached XP level 2. HP: 29/29 MP: 2/2
   411 | D:1      | Found a faded altar of an unknown god.
   630 | D:1      | Reached XP level 3. HP: 35/35 MP: 3/3
  1321 | D:2      | Reached skill level 1 in Short Blades
  1321 | D:2      | Reached skill level 1 in Long Blades
  1321 | D:2      | Reached skill level 1 in Axes
  1321 | D:2      | Reached skill level 1 in Maces & Flails
  1321 | D:2      | Reached skill level 1 in Staves
  1321 | D:2      | Reached skill level 1 in Slings
  1321 | D:2      | Reached skill level 1 in Bows
  1321 | D:2      | Reached skill level 1 in Crossbows
  1321 | D:2      | Reached skill level 1 in Throwing
  1321 | D:2      | Reached skill level 1 in Dodging
  1321 | D:2      | Reached skill level 1 in Stealth
  1321 | D:2      | Reached skill level 1 in Unarmed Combat
  1321 | D:2      | Reached skill level 1 in Spellcasting
  1321 | D:2      | Reached skill level 1 in Invocations
  1321 | D:2      | Reached skill level 1 in Evocations
  1321 | D:2      | Reached XP level 4. HP: 36/41 MP: 3/5
  1769 | D:2      | Reached skill level 1 in Conjurations
  1769 | D:2      | Reached skill level 1 in Hexes
  1769 | D:2      | Reached skill level 1 in Summonings
  1769 | D:2      | Reached skill level 1 in Necromancy
  1769 | D:2      | Reached skill level 1 in Translocations
  1769 | D:2      | Reached skill level 1 in Transmutations
  1769 | D:2      | Reached skill level 1 in Fire Magic
  1769 | D:2      | Reached skill level 1 in Ice Magic
  1769 | D:2      | Reached skill level 1 in Air Magic
  1769 | D:2      | Reached skill level 1 in Earth Magic
  1769 | D:2      | Reached skill level 1 in Poison Magic
  2344 | D:3      | Reached XP level 5. HP: 47/47 MP: 6/6
  2646 | D:3      | Noticed Grinder
  2669 | D:3      | Paralysed by Grinder for 2 turns
  2699 | D:3      | Slain by Grinder

Illustrated notes

Levels and vault maps discovered:
D:1:      dpeg_arrival_subterranean_lakeside_camping, layout_basic,
          shapermc_ecumenical_altar_petra, kennysheep_small_spiral,
          minmay_hedge_maze, minmay_misc_feat_secret_circle
D:2:      layout_basic
D:3:      layout_loops_corners, gup_sewer_entry_spiral,
          kennysheep_generic_room_11, uniq_grinder

Skill      XL: |  1  2  3  4 |
---------------+-------------+-----
Short Blades   | 1 |  1.4
Long Blades    | 1 |  1.4
Axes           | 1 |  1.4
Maces & Flails | 1 |  1.4
Staves         | 1 |  1.4
Slings         | 1 |  1.4
Bows           | 1 |  1.4
Crossbows      | 1 |  1.4
Throwing       | 1 |  1.4
Dodging        | 1 |  1.4
Stealth        | 1 |  1.4
Unarmed Combat | 1 |  1.4
Spellcasting   | 1 |  1.4
Invocations    | 1 |  1.6
Evocations     | 1 |  1.4
Conjurations   | 1 |  1.1
Hexes          | 1 |  1.1
Summonings     | 1 |  1.1
Necromancy     | 1 |  1.1
Translocations | 1 |  1.1
Transmutations | 1 |  1.1
Fire Magic     | 1 |  1.1
Ice Magic      | 1 |  1.1
Air Magic      | 1 |  1.1
Earth Magic    | 1 |  1.1
Poison Magic   | 1 |  1.1
Fighting       | |  6.7
Polearms       | |  4.7
Armour         | |  6.7
Shields        | |  6.7

Action                   |  1- 3 |  4- 6 || total
-------------------------+-------+-------++-------
Melee: Trident           |    81 |   113 ||   194
       Bite              |     3 |     7 ||    10
Armor: Scale mail        |    25 |    23 ||    48
Dodge: Dodged            |    19 |    26 ||    45
Block: Kite shield       |    34 |    42 ||    76
